 Dungeon Crawl Stone Soup version 0.17.1-3-g152610e (webtiles) character file.

20147 Peloso the Blocker (level 12, -2/106 HPs)
             Began as a Minotaur Fighter on Apr 23, 2016.
             Was a High Priest of Okawaru.
             Slain by an ice devil (20 damage)
             ... in an ice cave.
             The game lasted 00:48:24 (12289 turns).

Peloso the Blocker (Minotaur Fighter)              Turns: 12289, Time: 00:48:24

Health: -2/106     AC: 23    Str: 23    XL:     12   Next: 42%
Magic:  10/12      EV: 14    Int: 10    God:    Okawaru [*****.]
Gold:   821        SH: 15    Dex: 13    Spells: 0 memorised, 11 levels left

rFire  . . .     SeeInvis .     L - +3 scimitar (flame)
rCold  . . .     Clarity  .     J - +0 plate armour
rNeg   + . .     SustAt   .     c - +0 shield
rPois  .         Gourm    .     (helmet restricted)
rElec  .         Spirit   .     s - +2 cloak
rCorr  .         Warding  .     (no gloves)
rMut   .         Stasis   .     y - +1 pair of boots
MR     .....                    (no amulet)
Stlth  ..........               r - ring of positive energy
                                D - +5 ring of intelligence

@: heroism, very slightly contaminated, hasted, very quick, not resistant to
hostile enchantments, extremely unstealthy
A: retaliatory headbutt, horns 2
a: Heroism, Finesse, Renounce Religion


You were in an ice cave.
You worshipped Okawaru.
Okawaru was extremely pleased with you.
You were not hungry.

You visited 2 branches of the dungeon, and saw 14 of its levels.
You also visited: Ossuary and Ice Cave.

You collected 821 gold pieces.

Inventory:

Hand Weapons
 t - a +3 long sword
 L - a +3 scimitar of flaming (weapon)
Armour
 c - a +0 shield (worn)
 s - a +2 cloak (worn)
 x - a +3 chain mail
 y - a +1 pair of boots (worn)
 J - a +0 plate armour (worn)
Jewellery
 r - a ring of positive energy (right hand)
 D - a +5 ring of intelligence (left hand)
Wands
 j - a wand of digging (6)
 N - a wand of magic darts (31)
Scrolls
 f - 3 scrolls of recharging
 i - 5 scrolls of teleportation
 l - 8 scrolls of remove curse
 m - a scroll of summoning
 n - 2 scrolls of amnesia
 p - 7 scrolls of blinking
 K - a scroll of fear
 M - 2 scrolls of enchant weapon
 O - 2 scrolls of enchant armour
 R - a scroll of holy word {unknown}
Potions
 b - a potion of cure mutation
 d - 5 potions of might
 h - 3 potions of berserk rage
 u - 3 potions of invisibility
 v - 2 potions of curing
 w - 3 potions of brilliance
 z - 5 potions of flight
 B - 2 potions of agility
 I - 2 potions of magic
Books
 G - a book of Summonings

   Spells                             Type                      Level
   a - Recall                         Summoning/Translocation      3
   b - Aura of Abjuration             Summoning                    5
   c - Shadow Creatures               Summoning                    5
   d - Summon Demon                   Summoning                    5
   e - Summon Forest                  Summoning/Translocation      5
   f - Summon Mana Viper              Hexes/Summoning              5
 H - a book of the Earth

   Spells                             Type                      Level
   a - Leda's Liquefaction            Hexes/Earth                  4
   b - Bolt of Magma                  Conjuration/Fire/Earth       5
   c - Statue Form                    Transmutation/Earth          6
   d - Iron Shot                      Conjuration/Earth            6
   e - Shatter                        Earth                        9
Comestibles
 e - 10 bread rations
 o - 12 meat rations
 A - 2 beef jerkies
 C - 19 fruits


   Skills:
 + Level 10.2(15.2) Fighting
 + Level 11.7(16.7) Long Blades
 + Level 10.4(15.4) Armour
 + Level 9.6(14.6) Dodging
 + Level 2.0(7.0) Stealth
 + Level 12.9(17.9) Shields
 + Level 2.6 Invocations
 + Level 1.2 Evocations


You had 11 spell levels left.
You didn't know any spells.

Dungeon Overview and Level Annotations

Branches:
Dungeon (13/15)            Temple (1/1) D:4            Lair (0/8) D:11
    Orc (0/4) D:11
 Vaults: D:13-14

Altars:
Dithmenos
Fedhas
Gozag
Nemelex Xobeh
Okawaru
Qazlal
Ru
Xom
The Shining One

Shops:
D:12 =


Innate Abilities, Weirdness & Mutations

You reflexively headbutt those who attack you in melee.
You have a pair of horns on your head.


Message History

The blue devil is severely wounded.
You hit the blue devil. You burn the blue devil.
Your headbutt misses the blue devil.
The blue devil is severely wounded.
You block the blue devil's attack.
You slice the blue devil!! You burn the blue devil.
You kill the blue devil!
Okawaru accepts your kill.
You start resting.
You feel more confident with your borrowed prowess.
You feel slightly more hungry.
You fail to use your ability.
Your plate armour prevents you from hitting the ice devil.
The ice devil is heavily wounded.
You slash the ice devil! You burn the ice devil. You headbutt the ice devil.
The ice devil is almost dead.
The ice devil hits you.
* * * LOW HITPOINT WARNING * * *
The ice devil freezes you!!
You die...

####....3..## ##
######...### .####
###...##
....###########...##
.........##..)##...##
#.#ยง..........)###..#
######..##.....##...#
#...##....####3.##
#...###.###..@###
##....###....##
##........###
###....### ######


You could see an ice devil.

Vanquished Creatures
  Azrael (D:12)
  A hydra (D:12)
  Erica (D:8)
  3 unseen horrors
  3 cyclopes (D:11)
  2 wizards
  2 ice statues (IceCv)
  7 blue devils (IceCv)
  2 trolls
  Grinder (D:4)
  A two-headed ogre (D:10)
  2 wyverns
  A trapdoor spider (D:12)
  A shadow (D:11)
  A wraith (D:12)
  A fire elemental (D:12)
  12 yaks
  A hungry ghost (D:11)
  3 wolves (D:11)
  Menkaure (Ossuary)
  A hippogriff (D:11)
  Edmund (D:4)
  4 orc warriors
  4 hell hounds (D:12)
  2 black bears
  A phantom (D:4)
  4 ice beasts
  5 ogres
  2 wasps
  7 centaurs
  4 big kobolds
  2 elf zombies (Ossuary)
  8 giant frogs
  3 wyvern zombies
  A gnoll sergeant (D:8)
  2 scorpions
  18 killer bees
  An electric eel (D:11)
  13 wights
  6 centaur zombies
  4 hounds (D:11)
  5 crimson imps
  A giant frog zombie (D:12)
  4 iguanas
  3 jellies
  8 orc priests
  5 orc wizards
  Terence (D:2)
  4 giant frog skeletons
  7 worker ants
  A big kobold zombie (Ossuary)
  3 ogre zombies (Ossuary)
  A hound zombie (D:9)
  2 hound skeletons
  7 mummies
  9 adders
  12 gnolls
  2 worker ant zombies
  A white imp (IceCv)
  4 ufetubi (IceCv)
  3 adder zombies
  3 adder skeletons
  4 worms
  3 giant geckos
  27 orcs
  8 bats
  9 hobgoblins
  6 quokkas
  4 ball pythons
  4 giant cockroaches
  4 giant newts
  7 goblins
  4 goblin zombies (Ossuary)
  4 hobgoblin zombies (Ossuary)
  20 jackals
  29 kobolds
  5 kobold zombies (Ossuary)
  A quokka skeleton (D:4)
  4 quokka zombies
  3 rats
  5 rat zombies (Ossuary)
377 creatures vanquished.

Vanquished Creatures (collateral kills)
  A kobold (D:9)
1 creature vanquished.

Vanquished Creatures (others)
  4 white imps (IceCv)
  7 ufetubi (IceCv)
11 creatures vanquished.

Grand Total: 389 creatures vanquished

Notes
Turn   | Place    | Note
--------------------------------------------------------------
     0 | D:1      | Peloso the Minotaur Fighter began the quest for the Orb.
     0 | D:1      | Reached XP level 1. HP: 19/19 MP: 0/0
   108 | D:1      | Reached skill level 4 in Fighting
   152 | D:1      | Reached XP level 2. HP: 27/27 MP: 1/1
   621 | D:2      | Found a sacrificial altar of Ru.
   671 | D:2      | Reached XP level 3. HP: 28/33 MP: 2/2
   711 | D:2      | Noticed Terence
   721 | D:2      | Killed Terence
   721 | D:2      | Reached skill level 1 in Dodging
   828 | D:2      | Reached XP level 4. HP: 9/41 MP: 3/3
  1964 | D:3      | Reached XP level 5. HP: 47/47 MP: 4/4
  2420 | D:4      | Found a sparkling altar of Nemelex Xobeh.
  2425 | D:4      | Noticed a centaur
  2429 | D:4      | Noticed Grinder
  2436 | D:4      | Killed a centaur
  2436 | D:4      | Reached skill level 5 in Shields
  2452 | D:4      | Paralysed by Grinder for 4 turns
  2461 | D:4      | Paralysed by Grinder for 5 turns
  2471 | D:4      | Paralysed by Grinder for 2 turns
  2479 | D:4      | Killed Grinder
  2479 | D:4      | Reached skill level 5 in Fighting
  2479 | D:4      | Reached skill level 5 in Armour
  2479 | D:4      | Reached XP level 6. HP: 15/56 MP: 5/5
  2620 | D:4      | Noticed an ogre
  2666 | D:4      | Found a staircase to the Ecumenical Temple.
  2807 | D:4      | Killed an ogre
  2807 | D:4      | Reached XP level 7. HP: 46/61 MP: 6/6
  2810 | D:4      | Reached skill level 6 in Shields
  2839 | Temple   | Entered the Ecumenical Temple
  2872 | Temple   | Became a worshipper of Warmaster Okawaru
  2900 | D:4      | Noticed a phantom
  2965 | D:4      | Killed a phantom
  3195 | D:4      | Noticed Edmund
  3211 | D:4      | Killed Edmund
  3247 | D:4      | Reached skill level 5 in Long Blades
  3302 | D:4      | Reached * piety under Okawaru
  3338 | D:5      | Entered Level 5 of the Dungeon
  3545 | D:5      | Found a sand-covered staircase.
  3563 | Ossuary  | Entered an ossuary
  3673 | Ossuary  | Reached skill level 7 in Shields
  3673 | Ossuary  | Reached XP level 8. HP: 37/70 MP: 7/7
  4138 | Ossuary  | Noticed Menkaure
  4188 | Ossuary  | Killed Menkaure
  4188 | Ossuary  | Reached ** piety under Okawaru
  4979 | D:6      | Reached skill level 8 in Shields
  4979 | D:6      | Reached XP level 9. HP: 74/78 MP: 8/8
  4996 | D:6      | Found a shimmering altar of Xom.
  5629 | D:8      | Found an opulent altar of Gozag.
  5691 | D:8      | Reached *** piety under Okawaru
  5706 | D:8      | Got a steaming mace
  5707 | D:8      | Identified the +2 mace of Opi Taqana {flame, +Inv rPois Int-5} (You found it on level 8 of the Dungeon)
  5854 | D:8      | Found a shadowy altar of Dithmenos.
  5862 | D:8      | Got a pitted ring mail
  5873 | D:8      | Identified the cursed +1 ring mail of the Sun {rF+ MR+ Dex+4} (You found it on level 8 of the Dungeon)
  5889 | D:8      | Noticed Erica
  5904 | D:8      | Killed Erica
  5904 | D:8      | Reached skill level 5 in Dodging
  5904 | D:8      | Reached skill level 9 in Shields
  5904 | D:8      | Reached skill level 1 in Invocations
  6770 | D:8      | Found a blossoming altar of Fedhas.
  7005 | D:9      | Noticed a wizard
  7012 | D:9      | Killed a wizard
  7012 | D:9      | Reached skill level 10 in Shields
  7012 | D:9      | Reached XP level 10. HP: 64/88 MP: 9/9
  7093 | D:9      | Reached **** piety under Okawaru
  7595 | D:9      | Found a glowing golden altar of the Shining One.
  7680 | D:10     | Entered Level 10 of the Dungeon
  7700 | D:10     | Reached skill level 1 in Stealth
  8208 | D:10     | Killed an unseen horror
  8499 | D:10     | Received a gift from Okawaru
  8657 | D:10     | Noticed a wizard
  8670 | D:10     | Killed a wizard
  8940 | D:11     | Reached XP level 11. HP: 90/97 MP: 8/11
  8952 | D:11     | Reached ***** piety under Okawaru
  9008 | D:11     | Reached skill level 11 in Shields
  9102 | D:11     | Found a staircase to the Orcish Mines.
  9296 | D:11     | Reached skill level 10 in Long Blades
  9395 | D:11     | Found a staircase to the Lair.
  9430 | D:11     | Noticed a cyclops
  9450 | D:11     | Killed a cyclops
  9594 | D:11     | Killed an unseen horror
  9594 | D:11     | Received a gift from Okawaru
  9865 | D:11     | Received a gift from Okawaru
  9873 | D:11     | Got a jewelled plate armour {god gift}
  9885 | D:11     | Identified the +0 plate armour of a wizard's laboratory {rC++ MP+9 Str-2 Dex-4} (Okawaru gifted it to you on level 11 of the Dungeon)
 10226 | D:12     | Reached skill level 12 in Shields
 10467 | D:12     | Noticed an eight-headed hydra
 10475 | D:12     | Killed a four-headed hydra
 10488 | D:12     | Found Fywirat's Jewellery Shoppe.
 10586 | D:12     | Killed an unseen horror
 10586 | D:12     | Reached skill level 10 in Fighting
 10586 | D:12     | Reached skill level 10 in Armour
 10586 | D:12     | Reached XP level 12. HP: 79/106 MP: 10/12
 10667 | D:12     | Noticed Azrael
 10684 | D:12     | Killed Azrael
 11256 | D:13     | Found a frozen archway.
 11265 | IceCv    | Entered an ice cave
 12100 | IceCv    | Reached skill level 1 in Evocations
 12260 | IceCv    | HP: 4/106 [blue devil (9)]
 12289 | IceCv    | Slain by an ice devil

Action                   |  1- 3 |  4- 6 |  7- 9 | 10-12 || total
-------------------------+-------+-------+-------+-------++-------
Melee: Long sword        |    85 |   141 |   473 |       ||   699
       Scimitar          |       |       |    56 |   600 ||   656
Invok: Heroism           |       |       |     4 |    16 ||    20
       Finesse           |       |       |       |     1 ||     1
Evoke: Wand              |       |       |       |     7 ||     7
  Use: Potion            |       |     1 |     2 |     9 ||    12
       Scroll            |       |     5 |     7 |    16 ||    28
 Stab: Invisible         |       |       |     1 |       ||     1
       Distracted        |       |       |       |     1 ||     1
  Eat: Chunk             |       |     6 |    10 |    14 ||    30
       Fruit             |       |       |     2 |       ||     2
       Beef jerky        |       |       |     1 |     1 ||     2
       Royal jelly       |       |       |       |     1 ||     1
       Pizza             |       |       |       |     2 ||     2
